 Dungeon Crawl Stone Soup version 0.28-a0-1236-gb25a51b929 (webtiles) character file.

Game seed: 4623810168898966158

5070 browni3141 the Fighter (level 10, -5/93 HPs)
             Began as a Ghoul Gladiator on Dec 25, 2021.
             Was a Believer of Makhleb.
             Slain by a wyvern (7 damage)
             ... while petrified by a basilisk
             ... on level 9 of the Dungeon.
             The game lasted 00:16:48 (12434 turns).

browni3141 the Fighter (Ghoul Gladiator)           Turns: 12434, Time: 00:16:49

Health: -5/93      AC: 17    Str: 23    XL:     10   Next: 56%
Magic:  12/13      EV:  2    Int:  3    God:    Makhleb [**....]
Gold:   32         SH:  0    Dex: 10    Spells: 9/9 levels left

rFire   + + .      SeeInvis +   a - +3 war axe
rCold   . . .      Faith    .   (no shield)
rNeg    + + +      Spirit   .   w - +2 fire dragon scales
rPois   ∞          Reflect  .   D - +2 helmet {SInv}
rElec   .          Harm     .   B - +0 cloak
rCorr   .          Rampage  .   (no gloves)
Will    +....                   v - +0 pair of boots
Stlth   +.........              (no amulet)
HPRegen 0.00/turn               o - ring of willpower
MPRegen 0.13/turn               y - ring of see invisible

@: petrified, inhibited regen, hasted
A: claws 1, cold resistance 1, negative energy resistance 3, inhibited
regeneration, torment resistance 2
a: Renounce Religion, Minor Destruction


You were on level 9 of the Dungeon.
You worshipped Makhleb.
Makhleb was pleased with you.
You visited 2 branches of the dungeon, and saw 10 of its levels.

You collected 446 gold pieces.
You spent 414 gold pieces at shops.

Inventory:

Hand Weapons
 a - a +3 war axe (weapon)
 b - a +0 dagger of venom
Missiles
 d - 3 throwing nets
 r - 4 atropa-tipped darts
 A - 53 poisoned darts (quivered)
Armour
 v - a +0 pair of boots (worn)
 w - +2 fire dragon scales (worn)
 B - a +0 cloak (worn)
 D - a +2 helmet of see invisible (worn)
Jewellery
 o - a ring of willpower (left claw)
 p - a ring of magical power
 y - a ring of see invisible (right claw)
Wands
 f - a wand of polymorph (15)
Scrolls
 c - a scroll of fog
 h - 3 scrolls of amnesia
 j - 2 scrolls of magic mapping
 k - a scroll of blinking
 m - 2 scrolls of vulnerability
 n - a scroll of summoning
 C - a scroll of acquirement {unknown}
Potions
 e - 5 potions of curing
 g - 2 potions of might {unknown}
 i - a potion of haste
 l - 3 potions of flight {unknown}
 q - 2 potions of invisibility {unknown}
 s - a potion of cancellation {unknown}
 x - 3 potions of mutation {unknown}
 z - 3 potions of attraction {unknown}


   Skills:
 + Level 10.0 Fighting
 * Level 6.4 Axes
 * Level 5.8 Throwing
 + Level 4.5 Armour
 - Level 2.6 Dodging
 * Level 5.8 Stealth
 * Level 5.3 Invocations


You had 9 spell levels left.
You didn't know any spells.
Your spell library contained the following spells:

 Spells                   Type           Power      Damage    Failure   Level
 Sandblast                Erth           0%         2d4       87%         1
 Summon Small Mammal      Summ           0%         N/A       87%         1
 Passwall                 Tmut/Erth      0%         N/A       95%         2
 Call Canine Familiar     Summ           0%         N/A       99%         3
 Stone Arrow              Conj/Erth      0%         3d7       99%         3
 Summon Guardian Golem    Hex/Summ       0%         N/A       99%         3
 Fireball                 Conj/Fire      0%         3d3       100%        5
 Starburst                Conj/Fire      0%         6d3       100%        6
 Ignition                 Fire           0%         3d3       100%        8


Dungeon Overview and Level Annotations

Branches:
Dungeon (9/15)             Temple (1/1) D:4            Lair (0/6) D:9
    Orc: D:9-12

Altars:
Ashenzari
Cheibriados
Dithmenos
Elyvilon
Fedhas
Gozag
Hepliaklqana
Kikubaaqudgha
Makhleb
Nemelex Xobeh
Okawaru
Ru
Sif Muna
Trog
Vehumet
Wu Jian
Xom
Yredelemnul
Zin
The Shining One

Shops:
D:8 ?*==


Innate Abilities, Weirdness & Mutations

You thrive by killing the living.
You are immune to poison.
You have sharp fingernails.
Your flesh is cold resistant. (rC+)
You are immune to negative energy. (rN+++)
You do not regenerate when monsters are visible.
You are immune to unholy pain and torment.


Message History

The basilisk bites you but does no damage.
The orc warrior hits you with a +0 flail!
* * * LOW HITPOINT WARNING * * *
Unknown command.
Your +0 dagger of venom stops dripping with poison.
a - a +3 war axe (weapon)
The wyvern bites you but does no damage.
You slash the basilisk!
The basilisk is severely wounded.
You slash the orc warrior! You hit the wyvern. The basilisk gazes at you.
You are slowing down.
The wyvern bites you but does no damage.
The orc warrior hits you but does no damage.
Unknown command.
You slash the basilisk!
The basilisk is almost dead.
You hit the wyvern but do no damage. You hit the orc warrior.
The wyvern bites you!
* * * LOW HITPOINT WARNING * * *
The basilisk bites you but does no damage.
The orc warrior hits you with a +0 flail!
* * * LOW HITPOINT WARNING * * *
The wyvern bites you but does no damage.
Your limbs are stiffening.
Unknown command.
Unknown command.
Unknown command.
You hit the basilisk.
You kill the basilisk!
Makhleb accepts your kill.
You feel better.
You closely miss the orc warrior. You hit the wyvern. The wyvern bites you!
* * * LOW HITPOINT WARNING * * *
The orc warrior hits you with a +0 flail.
* * * LOW HITPOINT WARNING * * *
You have turned to stone.
Your Fighting skill increases to level 10!
The wyvern bites you!
You die...

..... #.........#
......##.........#
.......<.........#
.o........$......#..
....................
.......o.....###...
......##...oo#
###### #####o# #@#
#Yll..... #........
#.....>.. ##.......
....... #..P..P
....P.


You could see a yak, a basilisk, an orc warrior, a wyvern and 2 orcs.

Vanquished Creatures
  Joseph (D:8)
  Psyche (D:8)
  A shadow (D:7)
  A wyvern (D:8)
  A basilisk (D:9)
  2 steam dragons
  A hornet zombie (D:8)
  An ice beast (D:6)
  3 water moccasins
  3 orc warriors
  A sky beast (D:6)
  2 centaurs
  An ogre (D:5)
  4 kobold brigands
  Blork the orc (D:6)
  A gnoll sergeant (D:5)
  A bullfrog (D:8)
  3 scorpions
  A water moccasin skeleton (D:6)
  13 killer bees
  6 wights (D:6)
  2 centaur zombies
  2 hounds
  4 jellies
  A bullfrog zombie (D:3)
  2 orc priests (D:6)
  2 gnoll shamans
  4 iguanas
  8 orc wizards
  A killer bee zombie (D:5)
  19 gnolls
  14 adders
  2 white imps
  An ufetubus (D:6)
  An adder skeleton (D:4)
  4 worms
  15 orcs
  5 ball pythons
  6 bats
  3 endoplasms
  6 giant cockroaches
  9 hobgoblins
  4 jackals
  15 kobolds
  5 quokkas
  13 frilled lizards
  2 goblins
  7 rats
206 creatures vanquished.

Notes
Turn   | Place    | Note
-------+----------+-------------------------------------------
     0 | D:1      | browni3141 the Ghoul Gladiator began the quest for the Orb.
     0 | D:1      | Reached XP level 1. HP: 17/17 MP: 0/0
    73 | D:1      | Reached XP level 2. HP: 18/25 MP: 1/1
   225 | D:1      | Reached skill level 3 in Fighting
   707 | D:1      | Reached XP level 3. HP: 31/31 MP: 2/2
  1172 | D:1      | Found a faded altar of an unknown god.
  1380 | D:2      | Reached skill level 4 in Fighting
  1962 | D:2      | Found a broken altar of Ashenzari.
  2153 | D:2      | Reached XP level 4. HP: 37/41 MP: 3/3
  2619 | D:3      | Reached skill level 5 in Fighting
  2978 | D:3      | Reached XP level 5. HP: 34/50 MP: 4/4
  3381 | D:4      | Reached skill level 6 in Fighting
  3650 | D:4      | Found a staircase to the Ecumenical Temple.
  4125 | D:4      | Reached XP level 6. HP: 46/58 MP: 5/5
  4226 | D:4      | Reached skill level 7 in Fighting
  4521 | Temple   | Entered the Ecumenical Temple
  4868 | Temple   | Became a worshipper of Makhleb the Destroyer
  4943 | D:5      | Entered Level 5 of the Dungeon
  5385 | D:5      | Reached skill level 8 in Fighting
  5385 | D:5      | Reached XP level 7. HP: 65/68 MP: 6/6
  6054 | D:5      | Reached skill level 1 in Armour
  6798 | D:5      | Reached XP level 8. HP: 55/77 MP: 7/7
  7138 | D:6      | Reached skill level 9 in Fighting
  7586 | D:6      | Reached * piety under Makhleb
  7787 | D:6      | Reached skill level 1 in Stealth
  7816 | D:6      | Reached skill level 1 in Invocations
  8283 | D:6      | Reached XP level 9. HP: 42/83 MP: 9/9
  8682 | D:6      | Reached skill level 5 in Axes
  8819 | D:6      | Noticed Blork the orc
  8829 | D:6      | Killed Blork the orc
  9848 | D:7      | Reached ** piety under Makhleb
 10380 | D:7      | Reached skill level 5 in Throwing
 10764 | D:8      | Found Cuvem's General Store.
 10773 | D:8      | Reached XP level 10. HP: 74/92 MP: 12/12
 10833 | D:8      | Reached skill level 5 in Stealth
 11146 | D:8      | Bought a +2 helmet of see invisible for 279 gold pieces
 11164 | D:8      | Noticed Joseph
 11203 | D:8      | Killed Joseph
 11489 | D:8      | Found Juceph's Jewellery Boutique.
 11516 | D:8      | Found Xanwis's Magic Scroll Shoppe.
 11520 | D:8      | Bought a scroll of fog for 20 gold pieces
 11520 | D:8      | Bought a scroll of identify for 20 gold pieces
 11520 | D:8      | Bought a scroll of summoning for 95 gold pieces
 11549 | D:8      | Noticed Psyche
 11582 | D:8      | Killed Psyche
 11757 | D:8      | Found Githri's Jewellery Boutique.
 11770 | D:8      | Reached skill level 5 in Invocations
 12413 | D:9      | Found a staircase to the Lair.
 12432 | D:9      | HP: 1/93 [orc warrior (6)]
 12434 | D:9      | Reached skill level 10 in Fighting
 12434 | D:9      | Slain by a wyvern

Illustrated notes

Levels and vault maps discovered:
D:1:      lightli_arrival_flooded_house, layout_loops_ring,
          shapermc_ecumenical_altar_petra, minivault_27, minmay_lizard_pond
D:2:      layout_loops_corners, basic_altar, minmay_quantized
D:3:      layout_rooms, chequers_garden
D:4:      layout_basic, minmay_temple_entry_statues
D:5:      layout_layer_cave, minmay_quadrilaterals
D:6:      layout_loops_corners, minmay_fractal_squares_5, uniq_blork_the_orc
D:7:      layout_basic
D:8:      layout_basic, serial_shops, shop, nicolae_shop_hallway_plus,
          nicolae_shop_trees, nicolae_shop_trees, uniq_joseph, uniq_psyche
D:9:      layout_gridville, david_lair_generic
Temple:   mainiacjoe_temple_cubbyholes

Skill      XL: |  1  2  3  4  5  6  7  8  9 10 |
---------------+-------------------------------+-----
Fighting       | 3 4 5 6 8 9 10 | 10.0
Axes           | 3 4 5 6 |  6.4
Armour         | 1 3 4 |  4.5
Throwing       | 2 3 5 |  5.8
Stealth        | 2 4 5 |  5.8
Invocations    | 1 4 5 |  5.3
Dodging        | |  2.6

Action                   |  1- 3 |  4- 6 |  7- 9 | 10-12 || total
-------------------------+-------+-------+-------+-------++-------
Melee: War axe           |   171 |    69 |   317 |    75 ||   632
       Dagger            |       |   103 |   101 |   106 ||   310
Throw: Throwing net      |       |     4 |     4 |       ||     8
       Dart              |       |       |    63 |     7 ||    70
Invok: Minor Destruction |       |       |       |     1 ||     1
  Use: Scroll            |       |       |     7 |     5 ||    12
       Potion            |       |       |     2 |     1 ||     3
 Stab: Sleeping          |     1 |       |       |       ||     1
       Held in net/web   |       |       |     2 |       ||     2
Armor: Leather armour    |    66 |    40 |     4 |       ||   110
       Fire dragon scale |       |       |   243 |   129 ||   372
       Chain mail        |       |       |    16 |       ||    16
Dodge: Dodged            |   136 |   133 |   301 |   102 ||   672

Table legend: (Time is in decaauts)
 A = Elapsed time spent in this place.
 B = Non-inter-level travel time spent in this place.
 C = Inter-level travel time spent in this place.
 D = Time resting spent in this place.
 E = Time spent auto-exploring this place.
 F = Levels seen in this place.
 G = Mean time per level.
                   A        B        C        D        E       F      G
               +--------+--------+--------+--------+--------+-----+--------+
         Total |  12563 |  12106 |    457 |    330 |   9529 |  10 | 1256.3 |
       Dungeon |  12179 |  11816 |    363 |    330 |   9240 |   9 | 1353.2 |
        Temple |    384 |    290 |     94 |      0 |    289 |   1 |  384.0 |
               +--------+--------+--------+--------+--------+-----+--------+

Top non-repeatable levels by time:
     D:6: 2303 daAuts
     D:5: 2131 daAuts
     D:8: 1633 daAuts
     D:7: 1444 daAuts
     D:1: 1290 daAuts
     D:4: 1283 daAuts
     D:2: 1270 daAuts
     D:3: 793 daAuts
  Temple: 384 daAuts
     D:9: 29 daAuts
